AoeStats
← CrazyAgu4400

Arabia

506588636Analyzed
2v2 RM · 17d ago on Sep 14, 2026· 38m 57s· 4 players
Game mode
Random Map
Map size
Medium (4 player)
Population
200
Speed
Normal
Resources
Standard
Victory
Conquest
Starting age
Dark Age
Ending age
Imperial Age
RankedLock teamsTeams togetherTeam positionsShared explorationLock speedFull tech treeHidden civsTurbo modeCheats
Victory
Defeat
🇦🇷 Gurjaras · Argentina
1058
+16
🇦🇷 Khmer · Argentina
1045
+16
🇺🇸 Persians · United States
1107
-36
🇹🇼 Poles · Taiwan
1006
-14
CrazyAgu4400
7:05 Loom
9:24 Feudal Age
11:25 Forging
11:11 Double-Bit Axe
14:15 Fletching
14:40 Town Watch
20:17 Wheelbarrow
19:27 Horse Collar
19:55 Scale Barding Armor
24:21 Castle Age
23:04 Bloodlines
25:30 Bow Saw
25:23 Husbandry
25:36 Gold Mining
25:31 Light Cavalry
27:05 Gold Shaft Mining
29:18 Chain Barding Armor
30:30 Iron Casting
33:20 Heavy Plow
34:12 Stone Mining
40:37 Imperial Age
El dengue
9:51 Feudal Age
15:32 Loom
20:15 Castle Age
18:45 Padded Archer Armor
19:39 Fletching
22:00 Double-Bit Axe
22:07 Gold Mining
30:11 Loom
32:12 Forging
34:23 Kshatriyas
34:52 Elite Skirmisher
35:30 Horse Collar
36:36 Scale Barding Armor
37:49 Stone Mining
Paperclip
9:07 Loom
11:49 Feudal Age
13:45 Double-Bit Axe
18:01 Horse Collar
24:11 Castle Age
22:26 Scale Barding Armor
24:19 Forging
24:12 Stone Mining
24:15 Gold Mining
27:23 Town Watch
33:30 Wheelbarrow
34:11 Heavy Plow
35:45 Chain Barding Armor
35:56 Fervor
36:04 Hand Cart
37:46 Bow Saw
40:37 Imperial Age
garyoling
2:58 Loom
12:07 Feudal Age
12:45 Double-Bit Axe
15:37 Horse Collar
22:41 Castle Age
24:17 Wheelbarrow
24:04 Bow Saw
24:30 Scale Barding Armor
25:41 Bloodlines
24:53 Light Cavalry
27:28 Gold Mining
30:43 Stone Mining
39:07 Husbandry
Connection lost

Rejoining the realm…

Still unreachable

The connection could not be restored.

Session expired

The server has moved on; the page needs a fresh start.